 Dungeon Crawl Stone Soup version 0.27.1-34-g3ba077fa99 (webtiles) character file.

Game seed: 17023465883532676635

193 Ijustatesigmund the Cudgeller (level 5, -2/34 HPs)
             Began as a Gargoyle Fighter on Jan 27, 2022.
             Slain by an ice beast (6 damage)
             ... on level 4 of the Dungeon.
             The game lasted 00:03:40 (2970 turns).

Ijustatesigmund the Cudgeller (Gargoyle Fighter)    Turns: 2970, Time: 00:03:41

Health: -2/34      AC: 15    Str: 21    XL:     5   Next: 72%
Magic:  5/5        EV:  7    Int:  8    God:
Gold:   113        SH: 10    Dex:  9    Spells: 4/4 levels left

rFire    + . .     SeeInvis .   a - +0 flail
rCold    . . .     Faith    .   c - +1 kite shield
rNeg     + . .     Spirit   .   b - +3 scale mail {rF+}
rPois    ∞         Reflect  .   (no helmet)
rElec    +         Harm     .   d - +0 cloak
rCorr    .         Rampage  .   (no gloves)
Will     .....                  (no boots)
Stlth    ..........             (no amulet)
HPRegen  0.11/turn              (no ring)
MPRegen  0.09/turn              (no ring)

@: no status effects
A: sickness immunity, AC +4, negative energy resistance 1, electricity
resistance, torment resistance 1, petrification resistance
a: no special abilities


You were on level 4 of the Dungeon.
You visited 1 branch of the dungeon, and saw 4 of its levels.

You collected 113 gold pieces.

Inventory:

Hand Weapons
 a - a +0 flail (weapon)
Armour
 b - a +3 scale mail of fire resistance (worn)
 c - a +1 kite shield (worn)
 d - a +0 cloak (worn)
Potions
 e - a potion of brilliance
 g - a potion of cancellation {unknown}


   Skills:
 + Level 4.7 Fighting
 * Level 4.8 Maces & Flails
 - Level 3.2 Armour
 - Level 3.2 Shields


You had 4 spell levels left.
You didn't know any spells.
Your spell library was empty.

Dungeon Overview and Level Annotations

Branches:
Dungeon (4/15)
 Temple: D:4-7

Altars:
Elyvilon


Innate Abilities, Weirdness & Mutations

You are immune to sickness and miasma.
Your stone body is resilient. (AC +4)
You are immune to poison.
You resist negative energy. (rN+)
You are resistant to electric shocks. (rElec)
You are resistant to unholy torment.
You are immune to petrification.


Message History

Moving in this stuff is going to be slow.
The ice beast hits you but does no damage.
You hit the ice beast.
The ice beast is lightly wounded.
The ice beast hits you but does no damage.
Your unstable footing causes you to fumble your attack.
The ice beast hits you but does no damage.
You closely miss the ice beast.
The ice beast is lightly wounded.
The ice beast hits you. The ice beast freezes you!
The ice beast hits you but does no damage.
You sock the ice beast!
The ice beast is heavily wounded.
The ice beast barely misses you.
You hit the ice beast but do no damage.
The ice beast is heavily wounded.
You block the ice beast's attack. The ice beast hits you.
The ice beast freezes you!
* * * LOW HITPOINT WARNING * * *
You are too injured to fight recklessly!
You are too injured to fight recklessly!
You are too injured to fight recklessly!
You are too injured to fight recklessly!
You are too injured to fight recklessly!
You are too injured to fight recklessly!
You are too injured to fight recklessly!
You are too injured to fight recklessly!
You are too injured to fight recklessly!
You hit the ice beast but do no damage.
The ice beast is heavily wounded.
You block the ice beast's attack.
You hit the ice beast.
The ice beast is severely wounded.
The ice beast barely misses you.
You hit the ice beast but do no damage.
The ice beast is severely wounded.
The ice beast hits you.
* * * LOW HITPOINT WARNING * * *
The ice beast freezes you.
You die...

###.........#
#.........#
#...........
###............
#..............
##.#.........
###...#####....
#≈≈...≈≈# ...
#≈..♣.@Y# ..
#.........#
#...♣._.♣....#
#..........#....
#.#≈..♣..≈##.....
#.#≈≈...≈≈# ###.
###..r### ...


You could see an ice beast and a neutral quokka (wandering).

Vanquished Creatures
  A scorpion (D:3)
  Jessica (D:3)
  Natasha (D:3)
  Terence (D:2)
  2 adders (D:3)
  A worm (D:3)
  A dart slug (D:2)
  A ball python (D:2)
  4 endoplasms
  2 hobgoblins (D:1)
  3 jackals (D:2)
  5 quokkas
  3 bats
  3 frilled lizards
  5 goblins
  3 kobolds (D:1)
  5 rats
42 creatures vanquished.

Notes
Turn   | Place    | Note
-------+----------+-------------------------------------------
     0 | D:1      | Ijustatesigmund the Gargoyle Fighter began the quest for
                  | the Orb.
     0 | D:1      | Reached XP level 1. HP: 14/14 MP: 1/1
   215 | D:1      | Reached XP level 2. HP: 18/19 MP: 2/2
   720 | D:1      | Found a faded altar of an unknown god.
  1125 | D:2      | Noticed Terence
  1142 | D:2      | Killed Terence
  1143 | D:2      | Reached XP level 3. HP: 16/24 MP: 3/3
  1793 | D:3      | Reached XP level 4. HP: 23/29 MP: 4/4
  2019 | D:3      | Noticed a scorpion
  2028 | D:3      | Killed a scorpion
  2029 | D:3      | Reached XP level 5. HP: 29/34 MP: 5/5
  2134 | D:3      | Noticed Jessica
  2139 | D:3      | Killed Jessica
  2454 | D:3      | Noticed Natasha
  2466 | D:3      | Killed Natasha
  2955 | D:4      | Found a white marble altar of Elyvilon.
  2959 | D:4      | Noticed an ice beast
  2970 | D:4      | Slain by an ice beast

Illustrated notes

Levels and vault maps discovered:
D:1:      minmay_arrival_nine_rooms, layout_loops_ring,
          chequers_ecumenical_altar_lobes, minivault_14
D:2:      layout_basic, grunt_decor_junction, uniq_terence
D:3:      layout_loops_corners, uniq_natasha, uniq_jessica
D:4:      layout_gridville, elyvilon_altar_4

Skill      XL: |  1  2  3  4 |
---------------+-------------+-----
Maces & Flails | 3 4 |  4.8
Fighting       | 4 |  4.7
Armour         | |  3.2
Shields        | |  3.2

Action                   |  1- 3 |  4- 6 || total
-------------------------+-------+-------++-------
Melee: Flail             |   100 |    74 ||   174
  Use: Scroll            |     5 |     3 ||     8
       Potion            |     2 |       ||     2
Armor: Scale mail        |    49 |    39 ||    88
Dodge: Dodged            |    25 |    31 ||    56
Block: Kite shield       |    56 |    41 ||    97
